 Dungeon Crawl Stone Soup version 0.29.1-1-gd02db69 (webtiles) character file.

Game seed: 5470546321935458967

18 samcosmo the Sneak (level 2, 0/13 HPs)
             Began as a Spriggan Enchanter on May 1, 2023.
             Frozen to death by an endoplasm (5 damage)
             ... on level 1 of the Dungeon.
             The game lasted 00:01:24 (452 turns).

samcosmo the Sneak (Spriggan Enchanter)              Turns: 452, Time: 00:01:25

Health: 0/13       AC:  2    Str:  4    XL:     2   Next: 48%
Magic:  6/6        EV: 17    Int: 16    God:
Gold:   20         SH:  0    Dex: 15    Spells: 6/6 levels left

rFire   + . .      SeeInvis +   f - +0 scimitar (vorpal)
rCold   . . .      Faith    .   (no shield)
rNeg    . . .      Spirit   .   b - +0 robe
rPois   .          Reflect  .   (helmet restricted)
rElec   .          Harm     .   (no cloak)
rCorr   .          Rampage  .   (gloves unavailable)
Will    .....                   (boots unavailable)
Stlth   +++.......              (no amulet)
HPRegen 0.04/turn               e - ring of protection from fire
MPRegen 0.10/turn               (no ring)

@: very quick
A: very small, no large weapons, unfitting armour, see invisible, speed 3
a: no special abilities


You were on level 1 of the Dungeon.
You visited 1 branch of the dungeon, and saw 1 of its levels.

You collected 20 gold pieces.

Inventory:

Hand Weapons
 a - a +1 dagger
 d - a +0 short sword of venom
 f - a +0 vorpal scimitar (weapon)
Armour
 b - a +0 robe (worn)
Jewellery
 e - a ring of protection from fire (left hand)
Potions
 c - a potion of invisibility


   Skills:
 + Level 0.3 Fighting
 + Level 1.4 Short Blades
 + Level 2.9 Dodging
 + Level 4.6 Stealth
 + Level 2.9 Spellcasting
 * Level 4.0 Hexes


You had 6 spell levels left.
You didn't know any spells.
Your spell library contained the following spells:

 Spells                   Type           Power      Damage    Failure   Level
 Confusing Touch          Hex            15%        N/A       11%         3
 Tukima's Dance           Hex            15%        N/A       11%         3
 Ensorcelled Hibernation  Hex/Ice        16%        N/A       12%         2
 Dazzling Flash           Conj/Hex       16%        N/A       24%         3


Dungeon Overview and Level Annotations

Branches:
Dungeon (1/15)

Altars:


Innate Abilities, Weirdness & Mutations

You are very small and have problems with some larger weapons.
You are too small for most types of armour.
You have supernaturally acute eyesight. (SInv)
You cover ground extremely quickly. (Speed+++)


Message History

f - a +0 vorpal scimitar (weapon)
A jackal is nearby!
An endoplasm and a quokka come into view.
The jackal barks!
A rat comes into view.
You closely miss the jackal. The jackal misses you.
The jackal barely misses you.
You barely miss the jackal. The jackal bites you.
The jackal completely misses you.
The endoplasm quivers.
You hit the jackal.
The jackal is severely wounded.
The quokka completely misses you.
The jackal bites you but does no damage.
The quokka bites you.
You closely miss the jackal.
The jackal is heavily wounded.
The jackal misses you. The quokka barely misses you.
The jackal completely misses you. The endoplasm freezes you.
You are frozen.
The quokka completely misses you.
The endoplasm jiggles.
You hit the jackal but do no damage.
The jackal is heavily wounded.
The jackal barely misses you. The jackal misses you.
You barely miss the jackal.
The jackal is heavily wounded.
The jackal misses you. The jackal bites you.
You barely miss the jackal.
The jackal is heavily wounded.
The jackal closely misses you. x2
You slash the jackal!
You kill the jackal!
You slash the quokka!
You kill the quokka!
You hit the rat.
You kill the rat!
The endoplasm freezes you.
You are frozen.
You die...

........................
........................
#..........#...##.#...##
......................>#
........................
.######.######.........#
#...# #.##....... #J#.#
#.##....... #@#^#
#.##.(.....
#.#.####.###...#..
#####.#÷#÷........)...
..........###.#..##...
#######.....#....##...
##≈≈≈≈≈##'##.....###...
##........8###...####...
#..<.........'...###....
##........8###...#......


You could see an endoplasm.

Vanquished Creatures
  2 endoplasms (D:1)
  7 jackals (D:1)
  2 quokkas (D:1)
  A frilled lizard (D:1)
  2 kobolds (D:1)
  A rat (D:1)
15 creatures vanquished.

Notes
Turn   | Place    | Note
-------+----------+-------------------------------------------
     0 | D:1      | samcosmo the Spriggan Enchanter began the quest for the
                  | Orb.
     0 | D:1      | Reached XP level 1. HP: 9/9 MP: 5/5
    36 | D:1      | Reached XP level 2. HP: 11/13 MP: 6/6
   452 | D:1      | Frozen to death by an endoplasm

Illustrated notes

Levels and vault maps discovered:
D:1:      wander_arrival_chamber, layout_rooms

Skill      XL: |  1  2 |
---------------+-------+-----
Hexes          | 4 |  4.0
Fighting       | |  0.3
Short Blades   | |  1.4
Dodging        | |  2.9
Stealth        | |  4.6
Spellcasting   | |  2.9

Action                   || total
-------------------------++-------
Melee: Dagger            ||    38
       Short sword       ||    12
       Scimitar          ||    10
       Punch             ||     1
  Use: Potion            ||     1
 Stab: Invisible         ||     5
Armor: Robe              ||     2
Dodge: Dodged            ||    46
